 Seeded DCSS version 0.31-a0-868-g674d60d6f7 (webtiles) character file.

Game seed: 5015107054573435816 (custom seed)

968 retardedninja the Firebug (level 8, -6/48 HPs)
             Began as a Gargoyle Fire Elementalist on Oct 9, 2023.
             Mangled by a hornet (13 damage)
             ... on level 7 of the Dungeon on Oct 11, 2023.
             The game lasted 00:10:31 (6184 turns).

retardedninja the Firebug (GrFE)                    Turns: 6184, Time: 00:10:31

Health: -6/48      AC: 12    Str: 12    XL:     8   Next: 16%
Magic:  11/14      EV: 12    Int: 18    God:
Gold:   296        SH:  0    Dex: 10    Spells: 8/15 levels left

rFire   + . .        c - staff of fire
rCold   . . .        (no shield)
rNeg    + . .        a - +0 robe
rPois   ∞            (no helmet)
rElec   +            (no cloak)
rCorr   .            (no gloves)
SInv    .            q - +0 pair of boots
Will    .....        w - amulet of magic regeneration
Stlth   ++           d - ring of flight
HPRegen 0.28/turn    x - +4 ring of protection
MPRegen 0.54/turn

%: no passive effects
@: flying, very slightly contaminated
A: sickness immunity, AC +5, negative energy resistance 1, electricity
resistance, torment resistance 1, petrification resistance
a: no special abilities


You were on level 7 of the Dungeon.
You visited 1 branch of the dungeon, and saw 7 of its levels.

You collected 296 gold pieces.

Inventory:

Missiles
 o - 2 throwing nets
Armour
 a - a +0 robe (worn)
 q - a +0 pair of boots (worn)
Magical Staves
 c - a staff of fire (weapon)
Jewellery
 d - a ring of flight (left hand)
 w - an amulet of magic regeneration (around neck)
 x - a +4 ring of protection (right hand)
Wands
 v - a wand of paralysis (7)
Scrolls
 f - a scroll of amnesia {unknown}
 n - a scroll of noise {unknown}
 p - a scroll of butterflies {unknown}
 r - a scroll of silence {unknown}
 s - a scroll of immolation {unknown}
 t - a scroll of fear {unknown}
Potions
 b - 2 potions of resistance
 e - 3 potions of cancellation
 h - 3 potions of curing
 i - a potion of magic
 j - a potion of attraction {unknown}
 l - a potion of enlightenment {unknown}
 m - a potion of ambrosia
 u - a potion of brilliance {unknown}


   Skills:
 + Level 4.0 Fighting
 - Level 1.7 Dodging
 - Level 2.4 Stealth
 + Level 4.0 Spellcasting
 + Level 4.4 Conjurations
 + Level 5.1 Fire Magic
 + Level 3.0 Air Magic


You had 8 spell levels left.
You knew the following spells:

 Your Spells              Type           Power      Damage    Failure   Level
a - Foxfire               Conj/Fire      100%       2x1d9     1%          1
b - Scorch                Fire           66%        2d7       2%          2
c - Flame Wave            Conj/Fire      31%        2d9       21%         4

Your spell library contained the following spells:

 Spells                   Type           Power      Damage    Failure   Level
 Inner Flame              Hex/Fire       19%        N/A       16%         3
 Volatile Blastmotes      Fire/Tloc      38%        2d13      16%         3
 Sticky Flame             Conj/Fire      31%        2d5       21%         4
 Lesser Beckoning         Tloc           6%         N/A       22%         2
 Gell's Gravitas          Tloc           3%         N/A       41%         3
 Teleport Other           Tloc           3%         N/A       41%         3


Dungeon Overview and Level Annotations

Branches:
Dungeon (8/15)
 Temple: D:4-7         Lair: D:8-11

Altars:
Dithmenos
Elyvilon
Uskayaw

Shops:
D:4 (

Annotations:
D:8 Erica, Psyche


Innate Abilities, Weirdness & Mutations

You are immune to sickness and miasma.
Your stone body is resilient. (AC +5)
You are immune to poison.
You resist negative energy. (rN+)
You are resistant to electric shocks. (rElec)
You are resistant to unholy torment.
You are immune to petrification.


Message History

You feel invigorated.
The hornet stings you but does no damage.
An orc comes into view. It is wielding a +0 short sword.
The orc wizard points at you and mumbles some strange words.
The puff of flame misses you.
An orc wizard comes into view. It is wielding a +0 dagger.
The orc wizard shouts!
You hear a shout!
The hornet closely misses you.
The hornet stings you but does no damage.
The hornet attacks as it pursues you!
The hornet stings you but does no damage.
You bump into the rock wall.
The hornet stings you but does no damage.
The hornet barely misses you.
You feel less invigorated.
You feel less confused.
The orc wizard gestures wildly while chanting.
The orc wizard flickers and vanishes!
Deactivating autopickup; reactivate with Ctrl-A.
The hornet barely misses you. The hornet attacks as it pursues you!
The hornet misses you. The hornet attacks as it pursues you!
The hornet misses you. The hornet stings you!
Casting: Scorch (safe; 2% risk of failure)
Confirm with . or Enter, or press ? or * to list all spells.
You feel a surge of power!
Flames lash the hornet but do no damage.
You hear a shout!
The hornet barely misses you.
Unknown command.
Casting: Scorch (safe; 2% risk of failure)
Confirm with . or Enter, or press ? or * to list all spells.
You feel a surge of power!
Flames lash the hornet.
The hornet is moderately wounded.
The hornet's fire resistance burns away.
The hornet stings you!
* * * LOW HITPOINT WARNING * * *
The orc wizard gestures wildly while chanting.
The orc wizard flickers and vanishes!
The hornet stings you!
You die...

[#. .. #. #.. #. #.. ..# #
#######. .o. ... .... ........
##.# #.######..#########.
....# #.#.................
#o.### #.#.............>...
#)..###.#@...#######'#####
#.{...y....#...........#
####..#....#...........#
########.........#..######...#
.................#..#....<...#
########.##......'..#...~#...#
##'###.....#..#P~~~#...#
####...##.....#..#.~~♣~...#
................#..+.PP~#...#


You could see a hornet (combustible).

Vanquished Creatures
  A steam dragon (D:8)
  An orc warrior (D:5)
  An ice beast (D:5)
  2 centaurs
  A phantom (D:5)
  A bullfrog (D:7)
  An orc priest (D:7)
  2 iguanas (D:5)
  Ijyb (D:5)
  A sleepcap (D:5)
  3 orc wizards
  An adder (D:4)
  2 worms
  3 dart slugs
  21 orcs
  11 endoplasms
  6 giant cockroaches
  8 goblins
  5 hobgoblins (D:3)
  9 jackals
  9 kobolds
  3 quokkas
  11 ball pythons
  6 bats
  3 frilled lizards
  7 rats
120 creatures vanquished.

Vanquished Creatures (collateral kills)
  3 foxfires (D:2)
3 creatures vanquished.

Vanquished Creatures (others)
  407 foxfires
407 creatures vanquished.

Grand Total: 530 creatures vanquished

Notes
Turn   | Place    | Note
-------+----------+-------------------------------------------
     0 | D:1      | retardedninja the Gargoyle Fire Elementalist began the
                  | quest for the Orb.
     0 | D:1      | Reached XP level 1. HP: 10/10 MP: 3/3
   114 | D:1      | Reached XP level 2. HP: 15/15 MP: 1/5
   524 | D:1      | Found a faded altar of an unknown god.
   592 | D:1      | Reached XP level 3. HP: 20/20 MP: 2/6
  1124 | D:2      | Reached skill level 1 in Fighting
  1136 | D:2      | Identified the +3 plate armour of Cowardice {Will++ Dex+2
                  | Stlth+}
  1839 | D:2      | Found a white marble altar of Elyvilon.
  1853 | D:2      | Reached XP level 4. HP: 25/25 MP: 4/7
  2150 | D:3      | Noticed a +0 dagger
  2150 | D:3      | Noticed a +0 dagger
  2152 | D:3      | Found a hide-covered altar of Uskayaw.
  2274 | D:3      | Learned a level 2 spell: Scorch
  2830 | D:3      | Reached skill level 1 in Air Magic
  3526 | D:4      | Reached XP level 5. HP: 30/30 MP: 5/9
  3665 | D:4      | Found Giuqodgh's Weapon Boutique.
  3734 | D:4      | Found a shadowy altar of Dithmenos.
  4405 | D:5      | Entered Level 5 of the Dungeon
  4405 | D:5      | Noticed a phantom
  4412 | D:5      | Killed a phantom
  4413 | D:5      | Reached skill level 4 in Fire Magic
  4413 | D:5      | Reached XP level 6. HP: 35/35 MP: 1/10
  5143 | D:5      | Noticed Ijyb
  5145 | D:5      | Paralysed by Ijyb for 3 turns
  5151 | D:5      | Killed Ijyb
  5313 | D:5      | Noticed an ice beast
  5319 | D:5      | Killed an ice beast
  5320 | D:5      | Reached XP level 7. HP: 41/41 MP: 7/12
  5457 | D:5      | You are sucked into a shaft and drop 3 floors!
  5483 | D:8      | Noticed a steam dragon
  5492 | D:8      | Killed a steam dragon
  5530 | D:8      | Noticed a yak
  5661 | D:8      | Noticed a yak
  5662 | D:8      | Noticed a yak
  5663 | D:8      | Noticed a yak
  5669 | D:8      | Noticed a yak
  5669 | D:8      | Noticed a yak
  5673 | D:8      | Noticed Psyche
  5679 | D:8      | Noticed Erica
  5985 | D:7      | Upgraded the game from 0.31-a0-859-g9dce7d3444 to
                  | 0.31-a0-868-g674d60d6f7
  6013 | D:7      | Reached XP level 8. HP: 48/48 MP: 13/13
  6024 | D:7      | Reached skill level 5 in Fire Magic
  6087 | D:7      | Learned a level 4 spell: Flame Wave
  6157 | D:7      | Noticed a hornet
  6174 | D:7      | HP: 1/48 [hornet (12)]
  6184 | D:7      | Mangled by a hornet

Illustrated notes

Levels and vault maps discovered:
D:1:      amcnicky_arrival_underground_garden, layout_rooms,
          shapermc_ecumenical_altar_petra, chequers_serial_rivers_micro_e
D:2:      layout_rooms, basic_altar, grunt_ministairs_15, serial_bayou_lagoon_b
D:3:      layout_rooms, dancing_weapons_uskayaw, minmay_quadrilaterals
D:4:      layout_loops_ring, grunt_dithmenos_smoke_and_mirrors, serial_rivers,
          chequers_serial_rivers_micro_a, chequers_serial_rivers_micro_a,
          chequers_serial_rivers_small_a, chequers_serial_rivers_micro_a,
          chequers_serial_rivers_small_b, chequers_serial_rivers_micro_e,
          nicolae_take_the_stairs
D:5:      kennysheep_big_flooded_room, layout_gridville,
          mainiacjoe_overflow_chevrons, nrook_pool_corridor, uniq_ijyb
D:7:      layout_basic, serial_bayou_pond_d, uniq_duvessa
D:8:      layout_rooms, slow_altar_2, bh_walls_and_bars, uniq_erica, uniq_psyche

Skill      XL: |  1  2  3  4  5  6  7  8 |
---------------+-------------------------+-----
Fighting       | 1 2 3 4 |  4.0
Conjurations   | 2 3 4 |  4.4
Air Magic      | 1 2 3 |  3.0
Fire Magic     | 4 5 |  5.1
Spellcasting   | 3 4 |  4.0
Dodging        | |  1.7
Stealth        | |  2.4

Action                     |  1- 3 |  4- 6 |  7- 9 || total
---------------------------+-------+-------+-------++-------
  Melee: Staff             |    11 |     8 |       ||    19
   Cast: Foxfire           |   101 |   134 |    15 ||   250
         Scorch            |       |    20 |    29 ||    49
  Evoke: Wand              |       |       |     1 ||     1
    Use: Potion            |     1 |     1 |     2 ||     4
         Scroll            |       |     5 |     6 ||    11
 Armour: Robe              |    33 |    34 |    47 ||   114
  Dodge: Dodged            |    39 |    38 |    38 ||   115

Table legend: (Time is in decaauts)
 A = Elapsed time spent in this place.
 B = Non-inter-level travel time spent in this place.
 C = Inter-level travel time spent in this place.
 D = Time resting spent in this place.
 E = Time spent auto-exploring this place.
 F = Levels seen in this place.
 G = Mean time per level.
                   A        B        C        D        E       F      G
               +--------+--------+--------+--------+--------+-----+--------+
         Total |   6187 |   6040 |    147 |    766 |   4202 |   7 |  883.9 |
       Dungeon |   6187 |   6040 |    147 |    766 |   4202 |   7 |  883.9 |
               +--------+--------+--------+--------+--------+-----+--------+

Top non-repeatable levels by time:
     D:3: 1348 daAuts
     D:1: 1120 daAuts
     D:4: 1082 daAuts
     D:5: 1044 daAuts
     D:2: 864 daAuts
     D:7: 495 daAuts
     D:8: 230 daAuts
